 Dungeon Crawl Stone Soup version 0.16-a0-3722-g5e7e3b6 (webtiles) character file.

100 DEFE the Charmwright (level 4, -2/30 HPs)
             Began as a High Elf Skald on Jan 21, 2015.
             Slain by an orc priest (4 damage)
             ... on level 3 of the Dungeon.
             The game lasted 00:04:49 (2550 turns).

DEFE the Charmwright (High Elf Skald)               Turns: 2550, Time: 00:04:50

Health: -2/30      AC:  5    Str: 12    XL:     4   Next: 46%
Magic:  21/21      EV: 12    Int: 16    God:
Gold:   63         SH:  0    Dex: 14    Spells: 3 memorised, 3 levels left

rFire  . . .     SeeInvis .     a - +0 falchion
rCold  . . .     Clarity  .     b - +0 leather armour
rNeg   . . .     SustAb   .     (no shield)
rPois  .         Gourm    .     s - +0 helmet
rElec  .         Spirit   .     (no cloak)
rCorr  .         Warding  .     (no gloves)
rMut   .         Stasis   .     k - +0 pair of boots
MR     .....                    (no amulet)
Stlth  +.........               h - ring of magical power
                                (no ring)

@: not resistant to hostile enchantments, very unstealthy
A: no striking features
a: no special abilities


You were on level 3 of the Dungeon.
You were not hungry.

You visited 1 branch of the dungeon, and saw 3 of its levels.

You collected 63 gold pieces.

Inventory:

Hand weapons
 a - a +0 falchion (weapon)
Armour
 b - a +0 leather armour (worn)
 k - a +0 pair of boots (worn)
 o - a +0 buckler
 s - a +0 helmet (worn)
Jewellery
 h - a ring of magical power (right hand)
Scrolls
 r - a scroll of immolation {unknown}
 u - a scroll of remove curse
Potions
 e - 2 potions of brilliance {unknown}
 g - 4 potions of curing
 j - a potion of lignification {unknown}
 n - a potion of resistance {unknown}
 p - a potion of mutation {unknown}
 q - a potion of haste {unknown}
Books
 c - a book of Battle

   Spells                             Type                      Level
   a - Infusion                       Charms                       1
   b - Shroud of Golubria             Charms/Translocation         2
   c - Song of Slaying                Charms                       2
   d - Spectral Weapon                Hexes/Charms                 3
   e - Regeneration                   Charms/Necromancy            3
 f - a Young Poisoner's Handbook

   Spells                             Type                      Level
   a - Sting                          Conjuration/Poison           1
   b - Cure Poison                    Poison                       2
   c - Mephitic Cloud                 Conjuration/Poison/Air       3
   d - Olgreb's Toxic Radiance        Poison                       4
   e - Venom Bolt                     Conjuration/Poison           5
Comestibles
 d - 4 bread rations
 i - 2 meat rations
 l - 3 fruits
 m - a royal jelly
 t - 2 chunks of flesh


   Skills:
 + Level 2.4 Fighting
 * Level 3.7 Long Blades
 + Level 1.6 Armour
 + Level 1.8 Dodging
 + Level 3.1 Spellcasting
 + Level 4.2 Charms


You had 3 spell levels left.
You knew the following spells:

 Your Spells              Type           Power        Failure   Level  Hunger
a - Infusion              Chrm           ###...       6%          1    #......
b - Regeneration          Chrm/Necr      #.........   34%         3    ###....
c - Shroud of Golubria    Chrm/Tloc      #.........   17%         2    ##.....


Dungeon Overview and Level Annotations

Branches:
Dungeon (3/15)

Altars:
Kikubaaqudgha
Yredelemnul


Message History

The orc priest misses you.
You barely miss the orc priest.
The orc priest is almost dead.
The orc priest closely misses you.
You hit the orc priest but do no damage.
The orc priest is almost dead.
The orc priest barely misses you.
You hit the orc priest but do no damage.
The orc priest is almost dead.
The orc priest mumbles some strange prayers to Beogh against you.
Pain shoots through your body!
* * * LOW HITPOINT WARNING * * *
Unknown command.
You hit the orc priest but do no damage.
The orc priest is almost dead.
The orc priest barely misses you.
You hit the orc priest.
The orc priest is almost dead.
The orc priest hits you.
You die...

####......### .....
##....######.. #....#
... ##..#### #.#
..#... .. #..## #.#
....##.# ..##### #.#
...#..# ......# #.#
#..#.#### #####.####
#.# #........
#....####.######....#
####.......o@......#
######.##..###.<†....#
#.##.## ##.##.....
.....# #.# ####
##.#### ... #.# #..# .
... #..# ... #..# .
#..


You could see an orc priest.

Vanquished Creatures
  A giant mite (D:2)
  4 adders
  A worm (D:2)
  7 bats
  3 bat zombies (D:2)
  4 giant cockroaches
  8 hobgoblins
  2 jackals (D:2)
  3 kobolds
  3 ball pythons (D:2)
  2 giant newts
  4 goblins
  5 rats
  A rat zombie (D:2)
48 creatures vanquished.

Notes
Turn   | Place    | Note
--------------------------------------------------------------
     0 | D:1      | DEFE, the High Elf Skald, began the quest for the Orb.
     0 | D:1      | Reached XP level 1. HP: 14/14 MP: 4/4
   522 | D:1      | Reached XP level 2. HP: 19/19 MP: 6/6
   720 | D:2      | Reached skill level 1 in Armour
   869 | D:2      | Reached XP level 3. HP: 13/24 MP: 8/8
  1318 | D:2      | Learned a level 3 spell: Regeneration
  1707 | D:2      | Reached skill level 4 in Charms
  1715 | D:2      | Reached XP level 4. HP: 20/30 MP: 11/11
  1817 | D:2      | Learned a level 2 spell: Shroud of Golubria
  2155 | D:2      | Found an ancient bone altar of Kikubaaqudgha.
  2226 | D:3      | Found a basalt altar of Yredelemnul.
  2550 | D:3      | Slain by an orc priest

Action                   |  1- 3 |  4- 6 || total
-------------------------+-------+-------++-------
Melee: Falchion          |   126 |    85 ||   211
  Use: Scroll            |     2 |     1 ||     3
 Stab: Sleeping          |     1 |       ||     1
  Eat: Chunk             |     2 |     3 ||     5
